 Dungeon Crawl Stone Soup version 0.14-a0-2100-g3cf34dd (webtiles) character file.

368 Jenx the Ruinous (level 5, 0/38 HPs)
             Began as a Draconian Conjurer on Jan 26, 2014.
             Slain by Sigmund
             ... wielding a cursed -3,+0 scythe
              (12 damage)
             ... on Level 3 of the Dungeon.
             The game lasted 00:09:38 (2915 turns).

Jenx the Ruinous (Draconian Conjurer)               Turns: 2915, Time: 00:09:38

HP   0/38        AC  5     Str 10      XL: 5   Next: 23%
MP  11/11        EV 12     Int 16      God:
Gold 200         SH  0     Dex 12      Spells:  3 memorised,  2 levels left

rFire  . . .     SeeInvis .     a - +0,+2 whip (flame)
rCold  . . .     Clarity  .     (armour unavailable)
rNeg   . . .     Conserve .     (no shield)
rPois  .         rCorr    .     (helmet restricted)
rElec  .         rRot     .     (no cloak)
SustAb . .       Spirit   .     (no gloves)
rMut   .         Warding  .     (no boots)
Saprov . . .     Stasis   .     (no amulet)
MR     .....                    (no ring)
                                (no ring)

@: not resistant to hostile enchantments, unstealthy
A: unfitting armour, AC +5
a: no special abilities


You were on level 3 of the Dungeon.
You were not hungry.

You visited 1 branch of the dungeon, and saw 3 of its levels.

You collected 200 gold pieces.

Inventory:

Hand weapons
 a - a +0,+2 whip of flaming (weapon)
Missiles
 B - 5 poisoned darts (quivered)
Comestibles
 b - a bread ration
 m - a rotting chunk of orc flesh
 q - 3 rotting chunks of orc flesh
 s - a rotting chunk of giant cockroach flesh
 z - a meat ration
Scrolls
 f - 2 scrolls of remove curse {unknown}
 j - 2 scrolls of enchant weapon II {unknown}
 k - 2 scrolls of identify {unknown}
 p - 2 scrolls of teleportation {unknown}
 t - a scroll of curse armour {unknown}
 u - a scroll of fog {unknown}
Jewellery
 e - an uncursed ring of protection from cold {unknown}
 h - a +6 ring of protection {unknown}
 l - an uncursed ring of fire {unknown}
 n - an uncursed ring of flight {unknown}
 o - an uncursed ring of invisibility {unknown}
 x - a +4 ring of evasion {unknown}
Potions
 d - a potion of flight {unknown}
 i - a potion of invisibility {unknown}
 r - a potion of mutation {unknown}
 v - a potion of agility {unknown}
 w - a potion of poison {unknown}
 A - 2 potions of curing {unknown}
Books
 c - a book of Conjurations

   Spells                             Type                      Level
   *Magic Dart                        Conjuration                  1
   Searing Ray                        Conjuration                  2
   *Dazzling Spray                    Conjuration/Hexes            3
   Iskenderun's Mystic Blast          Conjuration                  4
   *Iskenderun's Battlesphere         Conjuration/Charms           4
   Fulminant Prism                    Conjuration/Hexes            5
 y - a Grand Grimoire {highlevel}

   This book is beyond your current level of understanding.

   Spells                             Type                      Level
   Demonic Horde                      Summoning                    6
   Mass Abjuration                    Summoning                    6
   Haunt                              Necromancy/Summoning         7
   Summon Greater Demon               Summoning                    7
   Malign Gateway                     Summoning/Translocation      7
   Summon Horrible Things             Summoning                    8


   Skills:
 - Level 1.7 Dodging
 - Level 1.7 Stealth
 - Level 3.0 Spellcasting
 - Level 6.0 Conjurations
 * Level 0.5 Charms


You had 2 spell levels left.
You knew the following spells:

 Your Spells              Type           Power        Failure   Level  Hunger
a - Magic Dart            Conj           ###.         1%          1    #......
b - Dazzling Spray        Conj/Hex       ##......     17%         3    ###....
c - Iskenderun's Battles  Conj/Chrm      ##......     50%         4    #####..


Dungeon Overview and Level Annotations

Branches:
Dungeon (3/16)

Altars:

Annotations:
D:3 Sigmund


Message History

You closely miss the orc.
The orc is almost dead.
The orc hits you but does no damage.
Unknown command.
You closely miss the orc.
The orc is almost dead.
Something hits you. The orc closely misses you.
The orc hits you with an orcish mace.
You barely miss the orc.
The orc is almost dead.
The orc closely misses you. Something barely misses you.
The orc hits you with an orcish mace.
You hit the orc. You burn the orc.
You kill the orc!
The orc hits you with an orcish short sword.
Something barely misses you. The orc hits you with an orcish club.
* * * LOW HITPOINT WARNING * * *
You completely miss the orc. The orc hits you but does no damage.
You closely miss the orc wizard. The orc barely misses you. Something hits you!
You die...

.......................>..###
######.####.........#.#.#.....#
.....#..............#....[....#
..........#.#..##.#####..#....#
..........#.##.##........#..h.#
..........#.##.###...##..#.hh.#
####.######.##.#.....'...#....#
####.######.##.#o#...###.#.^..#
............##.#@##o####.#....#
####.#########.#o##......#....###
#.# #.#o##.####.#......# .#.#
#.#.##.#...@#...##.#
.#.#.#########.#.##.#.####.......
........#....#.#.##.o......#.....
.#.###..#.##.#.#.###.#######<.#.#
#.#....#.##.#.#....(............
#.#.#)##.##.........###.####.#.#


You could see an orc wizard and 2 orcs.

Vanquished Creatures
  2 orc priests (D:3)
  2 adders (D:3)
  A gnoll (D:1)
  A worm (D:2)
  5 giant geckos
  An ooze (D:2)
  6 orcs (D:3)
  8 bats
  4 giant cockroaches
  8 hobgoblins
  10 jackals (D:3)
  6 kobolds
  A quokka (D:3)
  A giant newt (D:1)
  3 goblins
  6 rats
65 creatures vanquished.

Notes
Turn   | Place    | Note
--------------------------------------------------------------
     0 | D:1      | Jenx, the Draconian Conjurer, began the quest for the Orb.
     0 | D:1      | Reached XP level 1. HP: 14/14 MP: 3/3
   359 | D:1      | Reached XP level 2. HP: 17/20 MP: 4/4
   988 | D:1      | Reached skill level 5 in Conjurations
  1094 | D:1      | Reached XP level 3. HP: 26/26 MP: 6/6
  1246 | D:2      | Learned a level 3 spell: Dazzling Spray
  2038 | D:3      | Reached XP level 4. HP: 27/33 MP: 4/7
  2205 | D:3      | Reached skill level 6 in Conjurations
  2351 | D:3      | Noticed Sigmund
  2644 | D:3      | Reached XP level 5. HP: 38/38 MP: 8/11
  2650 | D:3      | Learned a level 4 spell: Iskenderun's Battlesphere
  2915 | D:3      | Slain by Sigmund

Action                   |  1- 3 |  4- 6 || total
-------------------------+-------+-------++-------
Melee: Spear             |   130 |       ||   130
       Short sword       |     9 |       ||     9
       Whip              |    11 |    80 ||    91
Throw: Dart              |       |     3 ||     3
 Cast: Magic Dart        |    37 |    17 ||    54
       Dazzling Spray    |       |     2 ||     2
